 Dungeon Crawl Stone Soup version 0.22.1-1-ga44c0e5 (webtiles) character file.

19756 Velaskes the Basher (level 12, -10/96 HPs)
             Began as a Demonspawn Abyssal Knight on Oct 30, 2018.
             Was the Champion of Lugonu.
             Engulfed by a cloud of flame (18 damage)
             ... on level 1 of the Lair of Beasts.
             The game lasted 02:12:26 (19533 turns).

Velaskes the Basher (Demonspawn Abyssal Knight)    Turns: 19533, Time: 02:12:26

Health: -10/96     AC: 28    Str: 17    XL:     12   Next: 39%
Magic:  0/15       EV: 15    Int: 15    God:    Lugonu [******]
Gold:   482        SH:  5    Dex: 19    Spells: 11/11 levels left

rFire    x . .     SeeInvis .   a - +9 mace (distort)
rCold    + + .     Gourm    .   F - +0 buckler
rNeg     . . .     Faith    .   n - +4 chain mail {rPois}
rPois    +         Spirit   +   (no helmet)
rElec    .         Reflect  .   p - +0 cloak
rCorr    .         Harm     .   z - +0 pair of gloves
MR       .....                  y - +0 pair of boots
Stlth    ..........             C - amulet of guardian spirit
HPRegen  0.26/turn              d - +2 ring of intelligence
MPRegen  0.14/turn              r - ring of ice

@: agile, sanguine armour
A: blink, cold resistance 1, icemail, powered by pain 1, freezing cloud
immunity, MP-powered wands, sanguine armour 2
a: Blink, Depart the Abyss, Bend Space, Banish, Corrupt, Enter the Abyss,
Renounce Religion


You were on level 1 of the Lair of Beasts.
You worshipped Lugonu.
Lugonu was exalted by your worship.
You were not hungry.

You visited 3 branches of the dungeon, and saw 12 of its levels.
You visited the Abyss 1 time.
You also visited: Ossuary and Ice Cave.

You collected 741 gold pieces.
You spent 259 gold pieces at shops.

Inventory:

Hand Weapons
 a - a +9 mace of distortion (weapon)
 o - a +2 quarterstaff of chaos
Armour
 b - a +0 leather armour
 m - a +4 scale mail
 n - a +4 chain mail of poison resistance (worn)
 p - a +0 cloak (worn)
 s - a +0 pair of boots
 y - a +0 pair of boots (worn)
 z - a +0 pair of gloves (worn)
 D - a scarf of spirit shield
 F - a +0 buckler (worn)
Jewellery
 d - a +2 ring of intelligence (left hand)
 r - a ring of ice (right hand)
 C - an amulet of guardian spirit (around neck)
Wands
 i - a wand of random effects (18)
 A - a wand of iceblast (3)
 E - a wand of polymorph (6)
 K - a wand of digging (10)
 L - a wand of clouds (4)
Scrolls
 e - 4 scrolls of teleportation
 f - 3 scrolls of identify
 g - 5 scrolls of remove curse
 h - a scroll of magic mapping
 k - 4 scrolls of immolation
 t - 2 scrolls of fog
 B - a scroll of amnesia
 G - a scroll of random uselessness
 J - a scroll of holy word {unknown}
Potions
 l - 3 potions of lignification
 u - 2 potions of might
 v - 2 potions of haste
 x - 2 potions of brilliance
 H - a potion of magic
 I - a potion of degeneration {unknown}
 M - a potion of resistance
Comestibles
 c - 16 rations


   Skills:
 + Level 9.5 Fighting
 + Level 12.6 Maces & Flails
 + Level 9.3 Armour
 + Level 4.8 Dodging
 + Level 1.8 Stealth
 + Level 3.6 Shields
 + Level 1.5 Unarmed Combat
 + Level 4.0 Invocations
 + Level 0.3 Evocations


You had 11 spell levels left.
You didn't know any spells.
Your spell library contained the following spells:

 Spells                   Type           Power        Failure   Level  Hunger
 Infusion                 Chrm           #...         96%         1    ##.....
 Shock                    Conj/Air       #...         96%         1    ##.....
 Summon Small Mammal      Summ           #...         96%         1    ##.....
 Call Imp                 Summ           #.......     99%         2    ###....
 Shroud of Golubria       Chrm/Tloc      #.........   99%         2    ###....
 Song of Slaying          Chrm           #.......     99%         2    ###....
 Swiftness                Chrm/Air       #.......     99%         2    ###....
 Call Canine Familiar     Summ           #.......     100%        3    ####...
 Regeneration             Chrm/Necr      #.........   100%        3    ####...
 Spectral Weapon          Hex/Chrm       #.......     100%        3    ####...
 Static Discharge         Conj/Air       #.......     100%        3    ####...
 Summon Guardian Golem    Hex/Summ       #.......     100%        3    ####...
 Airstrike                Air            #.........   100%        4    #####..
 Cause Fear               Hex            #.........   100%        4    #####..
 Summon Ice Beast         Ice/Summ       #.......     100%        4    #####..
 Summon Lightning Spire   Summ/Air       #.......     100%        4    #####..
 Lightning Bolt           Conj/Air       #.........   100%        5    ######.
 Silence                  Hex/Air        #.........   100%        5    ######.
 Yara's Violent Unravell  Hex/Tmut       #.........   100%        5    ######.
 Deflect Missiles         Chrm/Air       #.........   100%        6    #######
 Discord                  Hex            #.........   100%        8    #######


Dungeon Overview and Level Annotations

Branches:
Dungeon (10/15)            Temple (0/1) D:6            Lair (1/6) D:10
    Orc (1/2) D:9

Altars:
Ashenzari
Cheibriados
Elyvilon
Nemelex Xobeh
Uskayaw
Wu Jian
Xom
The Shining One

Shops:
D:6 ?[[   D:7 [


Innate Abilities, Weirdness & Mutations

Your flesh is cold resistant. (rC+)
A meltable icy envelope protects you from harm. (AC +0)
You sometimes gain a little power by taking damage.
You are immune to freezing clouds.
When seriously injured, your bleeding wounds create thick armour. (AC +9)
You can translocate small distances at will.
You expend magic power (3 MP) to strengthen your wands.


Message History

* * * LOW HITPOINT WARNING * * *
You focus on the pain.
You feel your power returning. The fire crab completely misses you.
You thump the fire crab!
Space bends around the fire crab.
The fire crab is almost dead.
The fire crab bites you.
* * * LOW HITPOINT WARNING * * *
You are engulfed in flames!
The fire burns you terribly!
* * * LOW HITPOINT WARNING * * *
The fire crab claws you but does no damage.
Space bends around you!
You blink.
You are engulfed in blazing flames.
Space bends around you!
You blink.
You are engulfed in blazing flames.
Aiming: Iceblast
Press: ? - help, Shift-Dir - straight line The mass of ice explodes!
The iceblast engulfs the fire elemental.
The fire elemental is frozen!
The fire elemental is almost destroyed.
You feel a surge of power!
You are engulfed in blazing flames.
You die...

#.....................≈#§.,,,
#....................§§§≈.,,,
#....................§§#≈,,,,
#.........###..#.....§§≈≈.,,,
####.........###P........≈≈≈.,,,
#........#...##...#......§#≈.,,,
#.#########...#........§.§≈§.,,,
#...#§§§§§########.....§§≈§§.,,,
#.###§§§§§#§§E§@§##......§§≈.,,,
##.#.#..§§§#§§§§§§##......§≈≈.,,,
#....#/[§§§§§#.#§§#..........,,,,
##..©#©:§§§§§t.©§§#©..####..##...
#P..#!$§§§§.#.#§§#...PP##.......
#####§..§§#§§§§§§#..............
##..§§§#§§§§§§#...........(..
#§§§§§########..............
#######..##.##..##..#...#...


You could see a fire crab and a fire elemental.

Vanquished Creatures
  A two-headed ogre (D:9)
  A death yak (IceCv)
  An orc knight (D:9)
  An ice statue (IceCv)
  A komodo dragon (Lair:1)
  A rime drake (IceCv)
  A queen bee (D:9)
  11 polar bears (IceCv)
  2 hippogriffs
  Sigmund (D:6)
  A spriggan (D:8)
  A fire bat (Lair:1)
  25 yaks
  Grum (D:8)
  A basilisk (Lair:1)
  3 wargs
  Edmund (D:6)
  Duvessa (D:7)
  A porcupine (Lair:1)
  A hell hound (Lair:1)
  2 black bears (D:7)
  A sky beast (D:6)
  7 orc warriors
  3 ice beasts
  A tengu (Lair:1)
  5 ogres
  17 wolves
  5 centaurs
  3 phantoms
  3 crocodiles (Lair:1)
  An elf zombie (Ossuary)
  6 bullfrogs
  A gnoll sergeant (D:7)
  5 scorpions
  Dowan (D:7)
  31 killer bees
  3 jellies
  4 howler monkeys
  10 crimson imps
  3 bullfrog zombies
  A quasit (D:9)
  2 centaur zombies
  10 orc priests
  3 hounds
  13 orc wizards
  Crazy Yiuf (D:3)
  2 bullfrog skeletons (D:6)
  2 human zombies (Ossuary)
  A centaur skeleton (D:7)
  3 iguanas
  2 worker ants
  2 big kobold zombies (Ossuary)
  2 hound zombies
  A hound skeleton (D:8)
  3 mummies (Ossuary)
  A worker ant zombie (D:5)
  Robin (D:2)
  13 adders
  13 gnolls
  A howler monkey skeleton (D:7)
  4 shadow imps
  4 adder zombies
  5 worms
  6 dart slugs
  9 leopard geckos
  41 orcs
  7 bats
  7 giant cockroaches
  20 goblins
  6 hobgoblins
  2 jackals (D:1)
  6 quokkas
  3 ball pythons
  5 frilled lizards
  6 goblin zombies (Ossuary)
  3 hobgoblin zombies (Ossuary)
  5 jackal zombies (Ossuary)
  9 kobolds
  A kobold zombie (Ossuary)
  A leopard gecko skeleton (D:8)
  4 orc zombies (Ossuary)
  A quokka skeleton (D:6)
  2 quokka zombies (Ossuary)
  5 rats
  4 rat zombies (Ossuary)
  A plant (D:2)
413 creatures vanquished.

Vanquished Creatures (others)
  A fire crab (Lair:1)
  A polar bear (IceCv)
  2 wolves (IceCv)
  A fungus (Lair:1)
5 creatures vanquished.

Grand Total: 418 creatures vanquished

Notes
Turn   | Place    | Note
-------+----------+-------------------------------------------
     0 | Abyss:1  | Velaskes the Demonspawn Abyssal Knight began the quest for
                  | the Orb.
     0 | Abyss:1  | Reached XP level 1. HP: 18/18 MP: 2/2
     0 | Abyss:1  | Found a corrupted altar of Lugonu.
    39 | Abyss:1  | Noticed a smoke demon
    42 | D:1      | Escaped the Abyss
    86 | D:1      | Reached skill level 1 in Dodging
   389 | D:1      | Gained mutation: When seriously injured, your bleeding
                  | wounds create armour. (AC +9) [demonic ancestry]
   389 | D:1      | Reached XP level 2. HP: 13/24 MP: 4/4
   418 | D:1      | Reached skill level 2 in Maces & Flails
   552 | D:1      | Reached * piety under Lugonu
  1078 | D:1      | Reached XP level 3. HP: 29/29 MP: 5/5
  1713 | D:2      | Noticed Robin
  1742 | D:2      | Killed Robin
  1742 | D:2      | Gained mutation: Your flesh is cold resistant. (rC+)
                  | [demonic ancestry]
  1742 | D:2      | Reached XP level 4. HP: 23/35 MP: 6/6
  2102 | D:2      | Found a glowing golden altar of the Shining One.
  2102 | D:2      | Found a white marble altar of Elyvilon.
  2131 | D:2      | Found a hide-covered altar of Uskayaw.
  2498 | D:2      | Reached ** piety under Lugonu
  2857 | D:3      | Found a shattered altar of Ashenzari.
  2898 | D:3      | Reached skill level 3 in Maces & Flails
  2898 | D:3      | Reached XP level 5. HP: 36/42 MP: 7/7
  3053 | D:3      | Found a snail-covered altar of Cheibriados.
  3103 | D:3      | Found an ornate altar of the Wu Jian Council.
  3425 | D:3      | Found a runed door.
  3429 | D:3      | Noticed Crazy Yiuf
  3433 | D:3      | Killed Crazy Yiuf
  3523 | D:4      | Found a sparkling altar of Nemelex Xobeh.
  3891 | D:4      | Noticed an ogre
  3902 | D:4      | Killed an ogre
  3902 | D:4      | Reached skill level 4 in Maces & Flails
  3902 | D:4      | Reached XP level 6. HP: 31/48 MP: 8/8
  4586 | D:4      | Noticed an ice beast
  4622 | D:4      | Killed an ice beast
  4650 | D:4      | Reached skill level 5 in Maces & Flails
  4767 | D:5      | Entered Level 5 of the Dungeon
  4786 | D:4      | Reached XP level 7. HP: 36/55 MP: 9/9
  4895 | D:5      | Reached skill level 1 in Stealth
  5144 | D:5      | Reached *** piety under Lugonu
  5372 | D:5      | Found a sand-covered staircase.
  5409 | Ossuary  | Entered an ossuary
  5798 | Ossuary  | Reached skill level 6 in Maces & Flails
  5961 | Ossuary  | Gained mutation: You sometimes gain a little power by
                  | taking damage. [demonic ancestry]
  5961 | Ossuary  | Reached XP level 8. HP: 59/61 MP: 10/10
  6370 | D:5      | Reached **** piety under Lugonu
  6837 | D:5      | Reached skill level 5 in Fighting
  7095 | D:6      | Noticed Edmund
  7146 | D:6      | Killed Edmund
  7222 | D:6      | Reached skill level 7 in Maces & Flails
  7237 | D:6      | Reached skill level 1 in Unarmed Combat
  7604 | D:6      | Found a staircase to the Ecumenical Temple.
  7629 | D:6      | Found Caingijots's Magic Scroll Emporium.
  7642 | D:6      | Reached skill level 5 in Armour
  7647 | D:6      | Bought a scroll of blinking for 105 gold pieces
  7647 | D:6      | Bought a scroll of enchant armour for 105 gold pieces
  7647 | D:6      | Bought a scroll of fear for 49 gold pieces
  7674 | D:6      | Found a shimmering altar of Xom.
  7890 | D:6      | Gained mutation: You have large cloven feet. [potion of
                  | mutation]
  7890 | D:6      | Gained mutation: You expend magic power (3 MP) to
                  | strengthen your wands. [potion of mutation]
  7890 | D:6      | Gained mutation: You are frail. (-10% HP) [potion of
                  | mutation]
  7890 | D:6      | Gained mutation: Your mind is acute. (Int +2) [potion of
                  | mutation]
  7896 | D:6      | Lost mutation: You have large cloven feet. [potion of
                  | mutation]
  7896 | D:6      | Lost mutation: You are frail. (-10% HP) [potion of
                  | mutation]
  7896 | D:6      | Lost mutation: Your mind is acute. (Int +2) [potion of
                  | mutation]
  7896 | D:6      | Lost mutation: You expend magic power (3 MP) to strengthen
                  | your wands. [potion of mutation]
  7896 | D:6      | Gained mutation: You can translocate small distances at
                  | will. [potion of mutation]
  7896 | D:6      | Gained mutation: You expend magic power (3 MP) to
                  | strengthen your wands. [potion of mutation]
  7962 | D:6      | Noticed Sigmund
  7963 | D:6      | Found Xyuh's Antique Armour Shoppe.
  7966 | D:6      | Noticed Duvessa
  7967 | D:6      | Noticed Dowan
  7977 | D:6      | Found Nagukaw's Armour Shop.
  7991 | D:7      | Gained mutation: You are immune to freezing clouds.
                  | [demonic ancestry]
  7991 | D:7      | Reached XP level 9. HP: 46/68 MP: 11/11
  8231 | D:7      | Killed Dowan
  8231 | D:7      | Reached skill level 8 in Maces & Flails
  8258 | D:7      | Killed Duvessa
  8688 | D:6      | Killed Sigmund
  9698 | D:7      | Found Kus Nikeu's Antique Armour Shoppe.
 10063 | D:7      | HP: 3/69 [centaur/arrow (7)]
 10350 | D:8      | Reached skill level 9 in Maces & Flails
 10423 | D:8      | Noticed Grum
 10466 | D:8      | Killed Grum
 10466 | D:8      | Gained mutation: When seriously injured, your bleeding
                  | wounds create thick armour. (AC +9) [demonic ancestry]
 10466 | D:8      | Reached XP level 10. HP: 19/77 MP: 3/12
 11703 | D:9      | Reached ***** piety under Lugonu
 11736 | D:9      | Reached skill level 10 in Maces & Flails
 12248 | D:9      | Noticed a two-headed ogre
 12268 | D:9      | Killed a two-headed ogre
 12631 | D:9      | Found a staircase to the Orcish Mines.
 12644 | Orc:1    | Entered Level 1 of the Orcish Mines
 12644 | Orc:1    | Noticed an orc knight
 12664 | Orc:1    | Noticed an ettin
 12684 | D:9      | Killed an orc knight
 13000 | Orc:1    | Noticed an orc knight
 13007 | D:9      | Reached XP level 11. HP: 27/85 MP: 4/13
 13660 | D:10     | Entered Level 10 of the Dungeon
 13694 | D:10     | Reached skill level 1 in Shields
 13887 | D:9      | Reached skill level 11 in Maces & Flails
 15801 | D:10     | Found a staircase to the Lair.
 15971 | Lair:1   | Entered Level 1 of the Lair of Beasts
 15989 | Lair:1   | Found a frozen archway.
 16089 | IceCv    | Entered an ice cave
 16121 | IceCv    | Reached ****** piety under Lugonu
 17263 | IceCv    | Reached skill level 12 in Maces & Flails
 17263 | IceCv    | Gained mutation: A meltable icy envelope protects you from
                  | harm. (AC +0) [demonic ancestry]
 17263 | IceCv    | Reached XP level 12. HP: 39/95 MP: 9/14
 17864 | IceCv    | Noticed a frost giant
 17864 | IceCv    | Noticed a death yak
 17886 | IceCv    | Killed a death yak
 18657 | Lair:1   | Found a transporter.
 18730 | Lair:1   | Found a transporter.
 19517 | Lair:1   | Identified a +9 mace of distortion (a +7 mace corrupted by
                  | Lugonu)
 19517 | Lair:1   | Received a gift from Lugonu
 19533 | Lair:1   | Engulfed by a cloud of flame

Skill      XL: |  1  2  3  4  5  6  7  8  9 10 11 12 |
---------------+-------------------------------------+-----
Dodging        | 1 2 3 4 |  4.8
Maces & Flails | 2 3 4 5 6 7 9 10 12 | 12.6
Armour         | 2 3 5 6 7 9 |  9.3
Fighting       | 4 5 6 7 9 |  9.5
Stealth        | 1 |  1.8
Invocations    | 3 4 |  4.0
Unarmed Combat | 1 |  1.5
Shields        | 3 |  3.6
Evocations     | |  0.3

Action                   |  1- 3 |  4- 6 |  7- 9 | 10-12 || total
-------------------------+-------+-------+-------+-------++-------
Melee: Mace              |   118 |   235 |   631 |  1172 ||  2156
       Unarmed           |       |       |    21 |       ||    21
       Punch             |       |       |     2 |       ||     2
Invok: Depart the Abyss  |     1 |       |       |       ||     1
       Bend Space        |       |       |     2 |     9 ||    11
       Brand Weapon With |       |       |       |     1 ||     1
 Abil: Blink             |       |       |     2 |       ||     2
Evoke: Wand              |       |       |       |    14 ||    14
  Use: Scroll            |     5 |    13 |    15 |     8 ||    41
       Potion            |     3 |     2 |     4 |    11 ||    20
  Eat: Chunk             |     2 |     2 |     4 |     8 ||    16
       Ration            |       |     3 |     4 |     7 ||    14
Armor: Leather armour    |    35 |       |       |       ||    35
       Scale mail        |    23 |   106 |   284 |       ||   413
       Skin              |       |       |     1 |       ||     1
       Chain mail        |       |       |   172 |   900 ||  1072
Dodge: Dodged            |    90 |   123 |   395 |   565 ||  1173
Block: Buckler           |       |       |       |   223 ||   223
